 Dungeon Sprint DCSS version 0.30.1-8-g117510f58f (webtiles) character file.

Game seed: 13500713430105121915

3044 Heoruswealwe the Impaler (level 9, -1/94 HPs)
             Began as a Minotaur Fighter on Sept 22, 2023.
             Was a Priest of the Shining One.
             Slain by a white ugly thing (14 damage)
             ... in the Dungeon (Sprint IX: "|||||||||||||||||||||||||||||").
             The game lasted 00:05:30 (337 turns).

Heoruswealwe the Impaler (Minotaur Fighter)          Turns: 337, Time: 00:05:32

Health: -1/94      AC: 15    Str: 24    XL:     9   Next: 56%
Magic:  8/8        EV: 10    Int:  5    God:    the Shining One [***...]
Gold:   0          SH:  0    Dex: 11    Spells: 8/8 levels left

rFire   . . .        b - +2 halberd (venom)
rCold   . . .        (shield currently unavailable)
rNeg    + . .        c - +2 ring mail
rPois   .            (helmet restricted)
rElec   .            h - +0 cloak
rCorr   .            f - +0 pair of gloves
SInv    .            (no boots)
Will    .....        (no amulet) Stlth
                     k - +2 ring of protection
HPRegen 0.35/turn    (no ring)
MPRegen 0.11/turn

%: no teleportation
@: glowing
A: horns 2, retaliatory headbutt
a: Renounce Religion, Divine Shield, Cleansing Flame


You were in the Dungeon.
You worshipped the Shining One.
The Shining One was most pleased with you.
You visited 1 branch

Inventory:

Hand Weapons
 a - a +0 trident
 b - a +2 halberd of venom (weapon)
Armour
 c - a +2 ring mail (worn)
 d - a +0 buckler
 f - a +0 pair of gloves (worn)
 h - a +0 cloak (worn)
Jewellery
 k - a +2 ring of protection (left hand)
Wands
 l - a wand of quicksilver (10)
Scrolls
 j - 2 scrolls of blinking
Potions
 e - 4 potions of curing
 g - a potion of haste
 i - a potion of might


   Skills:
 + Level 13.7 Fighting
 * Level 18.4 Polearms
 + Level 13.7 Armour
 - Level 3.6 Shields


You had 8 spell levels left.
You didn't know any spells.
Your spell library was empty.

Dungeon Overview and Level Annotations

Branches:
Dungeon (1/1)

Altars:
Cheibriados
Dithmenos
Elyvilon
Fedhas
Gozag
Hepliaklqana
Kikubaaqudgha
Makhleb
Nemelex Xobeh
Okawaru
Qazlal
Ru
Sif Muna
Trog
Uskayaw
Vehumet
Wu Jian
Xom
Yredelemnul
Zin
The Shining One
Jiyva
Lugonu


Innate Abilities, Weirdness & Mutations

You have a pair of horns on your head.
You reflexively headbutt those who attack you in melee.


Message History

Press: ? - help, Dir - move target, f/p - centaur
Aim: a centaur, wielding a +0 shortbow (extremely poisoned, haloed, about 9% to evade your +2 halberd of venom)
You reach to attack!
You puncture the centaur!
The centaur looks as sick as possible!
The centaur is moderately wounded.
The centaur unwields a +0 shortbow.
The centaur hits you but does no damage.
The centaur closely misses you.
You carve the centaur like a ham!!!
You kill the centaur!
You impale the two-headed ogre!!
The two-headed ogre looks as sick as possible!
The two-headed ogre is severely wounded.
You hit the two-headed ogre.
The two-headed ogre looks as sick as possible!
The two-headed ogre is severely wounded.
The two-headed ogre hits you with a +0 giant club!!
The two-headed ogre hits you with a +0 giant club.
You hit the two-headed ogre but do no damage.
You headbutt the two-headed ogre!
The two-headed ogre is almost dead.
You kill the two-headed ogre!
Your Polearms skill increases to level 18!
You hit the white ugly thing but do no damage.
The white ugly thing is poisoned.
You headbutt the white ugly thing!
The white ugly thing is lightly wounded.
You barely miss the white ugly thing.
The white ugly thing is lightly wounded.
The white ugly thing trunk-slaps you. The white ugly thing freezes you!!
* * * LOW HITPOINT WARNING * * *
You barely miss the white ugly thing.
The white ugly thing is lightly wounded.
The white ugly thing trunk-slaps you but does no damage.
You hit the white ugly thing.
The white ugly thing looks as sick as possible!
The white ugly thing is lightly wounded.
The white ugly thing trunk-slaps you!
* * * LOW HITPOINT WARNING * * *
The white ugly thing freezes you!
You die... ▓▓▓▓▓▓▓▓▓▓▓▓▓▓▓▓▓▓▓▓▓▓▓▓ '!?)[...=.'[)...@u...... ▓▓▓▓▓▓▓▓▓▓▓▓▓▓▓▓▓▓▓▓▓▓▓▓

You could see a white ugly thing (extremely poisoned).

Vanquished Creatures
  A centaur warrior (D)
  2 two-headed ogres (D)
  A manticore (D)
  A troll (D)
  2 yaks (D)
  A vampire mosquito (D)
  A centaur (D)
  A kobold brigand (D)
  A scorpion (D)
  A howler monkey (D)
  An orc priest (D)
  A hound (D)
  A worm (D)
  An endoplasm (D)
  A goblin (D)
  A jackal (D)
  A kobold (D)
  A quokka (D)
  A ball python (D)
21 creatures vanquished.

Notes
Turn   | Place    | Note
-------+----------+-------------------------------------------
     0 | D        | Heoruswealwe the Minotaur Fighter began the quest for the
                  | Orb.
     0 | D        | Reached XP level 1. HP: 19/19 MP: 0/0
    13 | D        | Reached skill level 3 in Polearms
    27 | D        | Noticed a howler monkey
    27 | D        | Noticed a scorpion
    27 | D        | Noticed a hound
    32 | D        | Reached skill level 4 in Polearms
    40 | D        | Killed a howler monkey
    41 | D        | Reached skill level 5 in Fighting
    41 | D        | Reached skill level 6 in Polearms
    41 | D        | Reached skill level 5 in Armour
    41 | D        | Reached XP level 2. HP: 29/29 MP: 1/1
    41 | D        | Reached XP level 3. HP: 36/36 MP: 2/2
    45 | D        | Killed a scorpion
    46 | D        | Reached skill level 7 in Polearms
    46 | D        | Reached XP level 4. HP: 45/45 MP: 3/3
    47 | D        | Reached skill level 8 in Polearms
    56 | D        | Found a snail-covered altar of Cheibriados.
    56 | D        | Found a shadowy altar of Dithmenos.
    56 | D        | Found a white marble altar of Elyvilon.
    56 | D        | Found a blossoming altar of Fedhas.
    56 | D        | Found an opulent altar of Gozag.
    57 | D        | Found a hazy altar of Hepliaklqana.
    58 | D        | Found a viscous altar of Jiyva.
    59 | D        | Found an ancient bone altar of Kikubaaqudgha.
    60 | D        | Found a corrupted altar of Lugonu.
    61 | D        | Found a burning altar of Makhleb.
    62 | D        | Found a sparkling altar of Nemelex Xobeh.
    63 | D        | Found an iron altar of Okawaru.
    64 | D        | Found a stormy altar of Qazlal.
    65 | D        | Found a sacrificial altar of Ru.
    66 | D        | Found a shimmering blue altar of Sif Muna.
    67 | D        | Found a bloodstained altar of Trog.
    68 | D        | Found a hide-covered altar of Uskayaw.
    69 | D        | Found a radiant altar of Vehumet.
    70 | D        | Found an ornate altar of the Wu Jian Council.
    71 | D        | Found a shimmering altar of Xom.
    72 | D        | Found a basalt altar of Yredelemnul.
    73 | D        | Found a glowing silver altar of Zin.
    74 | D        | Found a glowing golden altar of the Shining One.
    82 | D        | Became a worshipper of the Shining One
   136 | D        | Noticed a kobold brigand
   136 | D        | Noticed a troll
   136 | D        | Noticed a yak
   136 | D        | Noticed a vampire mosquito
   136 | D        | Reached * piety under the Shining One
   136 | D        | Noticed a yak
   136 | D        | Reached ** piety under the Shining One
   140 | D        | Killed a kobold brigand
   141 | D        | Reached skill level 10 in Polearms
   141 | D        | Reached XP level 5. HP: 31/53 MP: 4/4
   146 | D        | HP: 2/53 [troll (7)]
   147 | D        | Killed a troll
   148 | D        | Reached skill level 12 in Polearms
   148 | D        | Reached XP level 6. HP: 42/63 MP: 5/5
   155 | D        | Killed a yak
   156 | D        | Reached skill level 13 in Polearms
   156 | D        | Reached XP level 7. HP: 18/71 MP: 6/6
   159 | D        | Killed a vampire mosquito
   160 | D        | Reached skill level 10 in Fighting
   160 | D        | Reached skill level 10 in Armour
   164 | D        | Killed a yak
   165 | D        | Reached skill level 14 in Polearms
   315 | D        | Noticed a manticore
   315 | D        | Noticed a centaur warrior
   315 | D        | Reached *** piety under the Shining One
   315 | D        | Noticed a two-headed ogre
   315 | D        | Noticed a two-headed ogre
   315 | D        | Noticed a white ugly thing
   319 | D        | Killed a manticore
   320 | D        | Reached skill level 15 in Polearms
   320 | D        | Reached XP level 8. HP: 81/82 MP: 7/7
   323 | D        | Killed a centaur warrior
   324 | D        | Reached skill level 16 in Polearms
   326 | D        | Killed a two-headed ogre
   327 | D        | Reached skill level 17 in Polearms
   327 | D        | Reached XP level 9. HP: 85/93 MP: 8/8
   333 | D        | Killed a two-headed ogre
   334 | D        | Reached skill level 18 in Polearms
   337 | D        | Slain by a white ugly thing

Illustrated notes

Levels and vault maps discovered:
D:        linesprint [early_d, line_temple, items_1, d_10, items_2, lair_1,
          lair_end, items_3, orc_1, orc_end, items_4, d_15, swamp_1, shoals_1,
          snake_1, spider_1, d_20, vaults_1, items_5, swamp_end, shoals_end,
          snake_end, spider_end, vaults_end, d_27, items_6, zot_1, zot_end,
          crypt_end, forest_end, elf_end, slime_end, tomb_end, abyss_end,
          pan_hell_end]

Skill      XL: |  1  2  3  4  5  6  7  8  9 |
---------------+----------------------------+-----
Polearms       | 6 7 10 12 13 15 17 18 | 18.4
Fighting       | 5 6 7 9 11 13 | 13.7
Armour         | 5 6 7 9 11 13 | 13.7
Shields        | |  3.6

Action                     |  1- 3 |  4- 6 |  7- 9 || total
---------------------------+-------+-------+-------++-------
  Melee: Trident           |    32 |     4 |       ||    36
         Headbutt          |     2 |     1 |     7 ||    10
         Halberd           |       |    15 |    31 ||    46
    Use: Potion            |     2 |     3 |       ||     5
 Armour: Scale mail        |     8 |       |       ||     8
         Ring mail         |       |    15 |    10 ||    25
  Dodge: Dodged            |    11 |    13 |     9 ||    33
  Block: Buckler           |     7 |       |       ||     7
